 Dungeon Crawl Stone Soup version 0.31.0-12-g77e489cdc1 (webtiles) character file.

Game seed: 16166271818253994711

5 Peloso the Shield-Bearer (level 1, -2/20 HPs)
             Began as a Minotaur Fighter on Feb 29, 2024.
             Frozen to death by an endoplasm (5 damage)
             ... on level 1 of the Dungeon.
             The game lasted 00:01:23 (208 turns).

Peloso the Shield-Bearer (Minotaur Fighter)          Turns: 208, Time: 00:01:24

Health: -2/20      AC:  9    Str: 20    XL:     1   Next: 66%
Magic:  0/0        EV:  7    Int:  5    God:
Gold:   11         SH:  4    Dex:  9    Spells: 0/0 levels left

rFire   . . .        a - +0 long sword
rCold   . . .        d - +0 buckler
rNeg    . . .        c - +0 chain mail
rPois   .            (helmet restricted)
rElec   .            (no cloak)
rCorr   .            (no gloves)
SInv    .            (no boots)
Will    .....        (no amulet) Stlth
                     (no ring)
HPRegen 0.23/turn    (no ring)
MPRegen 0.07/turn

%: no passive effects
@: brilliant
A: horns 2, retaliatory headbutt
a: no special abilities


You were on level 1 of the Dungeon.
You visited 1 branch of the dungeon, and saw 1 of its levels.

You collected 11 gold pieces.

Inventory:

Hand Weapons
 a - a +0 long sword (weapon)
Armour
 b - a +0 scale mail
 c - a +0 chain mail (worn)
 d - a +0 buckler (worn)
Scrolls
 e - a scroll of fog {unknown}
Potions
 f - a potion of might


   Skills:
 + Level 3.8 Fighting
 + Level 2.5 Long Blades
 + Level 3.7 Armour
 + Level 3.8 Shields


You couldn't memorise any spells.
You didn't know any spells.
Your spell library contained the following spells:

 Spells                   Type           Power      Damage    Failure   Level
 Call Canine Familiar     Summ           0%         N/A       100%        3
 Sigil of Binding         Hex            0%         N/A       100%        3
 Dimensional Bullseye     Hex/Tloc       0%         N/A       100%        4


Dungeon Overview and Level Annotations

Branches:
Dungeon (1/15)

Altars:


Innate Abilities, Weirdness & Mutations

You have a pair of horns on your head.
You reflexively headbutt those who attack you in melee.


Message History

You hit the endoplasm.
The endoplasm is heavily wounded.
The bat barely misses you. The bat hits you.
The kobold hits you but does no damage. The bat barely misses you.
You furiously retaliate!
You headbutt the bat.
You kill the bat!
The endoplasm freezes you.
You are frozen.
The endoplasm freezes you.
You are frozen.
Unknown command.
You hit the endoplasm but do no damage.
The endoplasm is heavily wounded.
The kobold hits you but does no damage. The endoplasm hits you.
* * * LOW HITPOINT WARNING * * *
The endoplasm barely misses you.
Unknown command.
You barely miss the endoplasm.
The endoplasm is heavily wounded.
The kobold closely misses you. The endoplasm barely misses you.
The endoplasm hits you.
* * * LOW HITPOINT WARNING * * *
The kobold hits you but does no damage. The endoplasm barely misses you.
The endoplasm hits you but does no damage.
Unknown command.
You slash the endoplasm!
You kill the endoplasm!
The kobold barely misses you.
The endoplasm hits you but does no damage.
Unknown command.
You hit the kobold but do no damage. The kobold hits you with a +0 dagger.
* * * LOW HITPOINT WARNING * * *
The endoplasm barely misses you.
Unknown command.
You closely miss the kobold. The kobold hits you but does no damage.
The endoplasm hits you but does no damage.
The kobold hits you but does no damage. The endoplasm freezes you.
You are frozen.
You die...

.♣.P........# #####........#
............###### #........+
.................# #....(...#
.....###.........###.........
#### #..........###........
####.......# #....>...
##.^.....# #.~..~...
#.......## #~≈≈≈≈≈.≈
#=.@....# ...≈♣♣♣≈~≈
#.†KJ...#.##.≈♣ ♣≈~≈
#.......# #~≈ ♣≈.≈
#.####....## ≈≈≈~≈ .. ..###
.~.~~~ ..# .P# ≈≈≈≈.≈ ... ..#
.... ..#


You could see an endoplasm and a kobold.

Vanquished Creatures
  An endoplasm (D:1)
  2 bats (D:1)
  A goblin (D:1)
  A kobold (D:1)
  2 rats (D:1)
7 creatures vanquished.

Notes
Turn   | Place    | Note
-------+----------+-------------------------------------------
     0 | D:1      | Peloso the Minotaur Fighter began the quest for the Orb.
     0 | D:1      | Reached XP level 1. HP: 19/19 MP: 0/0
   208 | D:1      | Frozen to death by an endoplasm

Illustrated notes

Levels and vault maps discovered:
D:1:      nzn_arrival_crosshair, layout_basic, serial_shops,
          nicolae_shop_tiny_waterfront, serial_forest,
          infiniplex_forest_lined_room_, infiniplex_forest_clump_C,
          infiniplex_forest_straight_2, infiniplex_forest_straight_4,
          infiniplex_forest_clump_double, infiniplex_forest_straight_3,
          kennysheep_boxes

Action                     || total
---------------------------++-------
  Melee: Long sword        ||    21
         Headbutt          ||     1
    Use: Potion            ||     1
 Armour: Chain mail        ||    20
         Scale mail        ||     2
  Dodge: Dodged            ||    11
  Block: Buckler           ||    10
